 Dungeon Crawl Stone Soup version 0.17-a0-1522-g6c5b4ba (webtiles) character file.

47 urechis the Cudgeler (level 3, -5/39 HPs)
             Began as an Ogre Gladiator on July 14, 2015.
             Slain by a gnoll (6 damage)
             ... on level 3 of the Dungeon.
             The game lasted 00:02:35 (1329 turns).

urechis the Cudgeler (Ogre Gladiator)               Turns: 1329, Time: 00:02:36

Health: -5/39      AC:  3    Str: 21    XL:     3   Next: 70%
Magic:  3/3        EV: 10    Int: 12    God:
Gold:   100        SH:  0    Dex: 10    Spells: 0 memorised, 2 levels left

rFire  . . .     SeeInvis +     a - +0 flail
rCold  . . .     Clarity  .     b - +0 robe
rNeg   . . .     SustAt   .     (no shield)
rPois  .         Gourm    .     c - +0 hat
rElec  .         Spirit   .     (no cloak)
rCorr  .         Warding  .     (gloves unavailable)
rMut   .         Stasis   .     (boots unavailable)
MR     .....                    (no amulet)
Stlth  +.........               (no ring)
                                n - ring of see invisible

@: brilliant, lethally poisoned (-5 -> -25), very slightly contaminated, hasted,
very quick, not resistant to hostile enchantments, very unstealthy
A: unfitting armour, tough skin 1
a: no special abilities


You were on level 3 of the Dungeon.
You were not hungry.

You visited 1 branch of the dungeon, and saw 3 of its levels.

You collected 100 gold pieces.

Inventory:

Hand weapons
 a - a +0 flail (weapon)
Missiles
 e - 3 throwing nets (quivered)
Armour
 b - a +0 robe (worn)
 c - a +0 hat (worn)
Jewellery
 n - a ring of see invisible (left hand)
Scrolls
 f - 2 scrolls of magic mapping {unknown}
 g - a scroll of immolation {unknown}
 h - a scroll of remove curse {unknown}
 j - a scroll of noise {unknown}
 o - 2 scrolls of fear {unknown}
Potions
 m - a potion of cancellation {unknown}
Comestibles
 d - a bread ration
 l - a meat ration
 p - a slice of pizza


   Skills:
 + Level 4.2 Fighting
 + Level 5.0 Maces & Flails
 - Level 2.1 Throwing
 - Level 2.6 Dodging


You had 2 spell levels left.
You didn't know any spells.

Dungeon Overview and Level Annotations

Branches:
Dungeon (3/15)

Altars:
Yredelemnul


Innate Abilities, Weirdness & Mutations

You are too large for most types of armour.
You have tough skin (AC +1).


Message History

The gnoll hits you with a spear of venom.
You are lethally poisoned!
The gnoll barely misses you. The gnoll hits you with a flail.
There is a lethal amount of poison in your body!
* * * LOW HITPOINT WARNING * * *
You feel sick. The gnoll barely misses you. The gnoll hits you.
* * * LOW HITPOINT WARNING * * *
* * * LOW HITPOINT WARNING * * *
You feel sick.
Drink which item? (? for menu, Esc to quit)
It was a potion of haste.
You feel yourself speed up.
* * * LOW HITPOINT WARNING * * *
You feel sick. The gnoll barely misses you.
You are very lightly contaminated with residual magic.
Drink which item? (? for menu, Esc to quit)
It was a potion of brilliance.
You feel clever all of a sudden.
* * * LOW HITPOINT WARNING * * *
You feel sick. The giant gecko closely misses you. The gnoll hits you.
You die...

......# #.....#....
.....# #...#.#...#
#....# #...#.#####
#....# #...#......
#....# #...#######
#...g# #.....#....
#..gg#######...#.#.###
#...g#....†......#....
#...l@...........#####
#...##...........#
#... #############
#.$. #... #$.. .##.


You could see 4 gnolls and a giant gecko.

Vanquished Creatures
  An adder (D:2)
  2 worms (D:2)
  A giant gecko (D:1)
  A ball python (D:1)
  A giant cockroach (D:2)
  4 hobgoblins
  2 jackals
  2 kobolds
  5 bats
  2 giant newts
  7 goblins
  A rat (D:1)
29 creatures vanquished.

Notes
Turn   | Place    | Note
--------------------------------------------------------------
     0 | D:1      | urechis the Ogre Gladiator began the quest for the Orb.
     0 | D:1      | Reached XP level 1. HP: 22/22 MP: 1/1
   175 | D:1      | Reached XP level 2. HP: 29/31 MP: 2/2
   786 | D:2      | Reached XP level 3. HP: 25/39 MP: 3/3
  1093 | D:2      | Found a basalt altar of Yredelemnul.
  1290 | D:3      | Reached skill level 5 in Maces & Flails
  1329 | D:3      | HP: 1/39 [poisoned by a gnoll]
  1329 | D:3      | Slain by a gnoll

Vault maps used:
D:1:      dpeg_arrival_houses_and_road
D:2:      yredelemnul_altar_generic
D:3:      uniq_grinder, uniq_terence

Action                   || total
-------------------------++-------
Melee: Flail             ||    93
  Use: Potion            ||     2
 Stab: Sleeping          ||     2
  Eat: Chunk             ||     1
